Cogmind - Beta 15 @@@ ROGUE MODE // 2025.07.13 @ 21:49:18 Player: beans Result: Destroyed by D-53 Grenadier with Mini Grenade Launcher Performance ------------- Evolutions (0) 0 Regions Visited (2) 400 Robots Destroyed (20) 100 Value Destroyed (309) 309 Prototype IDs (2) 40 Alien Tech Used (0) 0 Bonus (0) 0 TOTAL SCORE: 849 Bonus ------- None Cogmind --------- Core Integrity 0/250 Matter 145/300 Energy 89/100 System Corruption 0% Temperature Cool (0) Movement Core (50) Location -10/Mines Parts ------- > --- POWER (1) -------- (None) > --- PROPULSION (2) --- (None) > --- UTILITY (2) ------ Signal Interpreter Hacking Suite > --- WEAPON (2) ------- Assault Rifle > --- INVENTORY (5) ---- High-capacity Matter Pod (0) Targeting Computer Peak State ------------ > --- POWER ------------ Light Nuclear Core > --- PROPULSION ------- Light Treads Light Treads > --- UTILITY ---------- Signal Interpreter Hacking Suite > --- WEAPON ----------- Assault Rifle Grenade Launcher > --- INVENTORY -------- Assault Rifle [Rating: 11] Favorites ----------- Power Light Nuclear Core Power Core Light Nuclear Core Propulsion Light Treads Treads Light Treads Utility Hacking Suite Processor Signal Interpreter Hackware Hacking Suite Weapon Grenade Launcher Ballistic Gun Assault Rifle Ballistic Cannon Light Cannon Launcher Grenade Launcher Build | -11 -10 -10 ------- Run | Yrd Mat Min Slots Evolved . | . . . Power . | . . . Propulsion . | . . . Utility . | . . . Weapon . | . . . Parts Attached 10 | 4 6 . Power 1 | . 1 . Engine . | . . . Core 1 | . 1 . Reactor . | . . . Propulsion 2 | 2 . . Treads 2 | 2 . . Leg . | . . . Wheel . | . . . Hover . | . . . Flight . | . . . Utility 2 | . 2 . Device . | . . . Storage . | . . . Processor 1 | . 1 . Hackware 1 | . 1 . Protection . | . . . Artifact . | . . . Weapon 5 | 2 3 . Energy Gun . | . . . Energy Cannon . | . . . Ballistic Gun 2 | 2 . . Ballistic Cannon 2 | . 2 . Launcher 1 | . 1 . Special Weapon . | . . . Impact Weapon . | . . . Slashing Weapon . | . . . Piercing Weapon . | . . . Special Melee Weapon . | . . . Unidentified Prototypes . | . . . Parts Lost 7 | . . 7 Power 1 | . . 1 Propulsion 2 | . . 2 Utility . | . . . Weapon 4 | . . 4 Highest Loss Streak 7 | . . 7 To Critical Strikes . | . . . Average Backups 2 | . 2 4 Power . | . . . Propulsion . | . . . Utility . | . . 2 Weapon 2 | . 2 2 Tool/Special . | . . . Unused Backups 3 | 1 . 2 Power . | . . . Propulsion . | . . . Utility 2 | . . 2 Weapon 1 | 1 . . Tool/Special . | . . . Average Slot Usage (%) 90 | . 88 98 Core 10 | . 10 13 Treads 27 | . 28 27 Processor 10 | . 9 14 Hackware 12 | . 11 14 Ballistic Gun 6 | . 8 . Ballistic Cannon 10 | . 9 14 Launcher 11 | . 10 12 Peak Build Rating 11 | 4 11 11 Average Rating 9 | 2 9 10 On Entrance 5 | . 4 11 Naked Turns . | . . . Heaviest Build 11 | 4 11 11 Greatest Support 40 | 40 40 40 Greatest Overweight (x) 1 | 1 . . Average Overweight (x) . | . . . Largest Inventory Capacity 5 | 5 5 5 Average Capacity 5 | 5 5 5 Most Carried 5 | 3 5 5 Average Carried 2 | . 2 4 Final Capacity 5 | 5 5 5 Final Carried 5 | . 5 2 Class Distribution -------------------- 100% | Mutant Dominant Class ---------------- Mutant | -10/Materials Mutant | -10/Mines Resources | -11 -10 -10 ----------- Run | Yrd Mat Min Matter Collected 534 | 173 346 15 Remotely . | . . . Salvage Created 407 | . 407 . Parts 35 | . 35 . Haulers Intercepted 1 | . 1 . Recyclers Shooed 4 | . 4 . Parts Field Recycled . | . . . Retrieved Matter . | . . . Parts Self-Destructed . | . . . Prevented . | . . . Kills | -11 -10 -10 ------- Run | Yrd Mat Min Combat Hostiles Destroyed 9 | . 9 . Guns 2 | . 2 . Cannons 1 | . 1 . AOE 6 | . 6 . Classes Destroyed 7 | . 7 . Tunneler 2 | . 2 . Hauler 1 | . 1 . Recycler 3 | . 3 . Operator 2 | . 2 . Watcher 3 | . 3 . Swarmer 6 | . 6 . Grunt 3 | . 3 . Best Kill Streak 10 | . 10 . Combat Bots Only 8 | . 8 . Max Kills in Single Turn 4 | . 4 . Gunslinging . | . . . Exploded 3 | . 3 . Melee . | . . . Uniques/NPCs Destroyed . | . . . Combat | -11 -10 -10 -------- Run | Yrd Mat Min Hostile Shots Fired 60 | . 19 41 Missed 15 | . 7 8 Hits 45 | . 12 33 Melee 2 | . . 2 Projectile 43 | . 12 31 AOE 12 | . . 12 Damage Taken 1007 | . 185 822 Core 258 | . 33 225 Absorbed by Shields . | . . . Core Remaining (%) 100 | 100 . . Volleys Fired 40 | . 31 9 Largest 2 | . 2 2 Hottest 60 | . 60 60 Shots Fired 73 | . 58 15 Gun 26 | . 21 5 Cannon 29 | . 20 9 Launcher 18 | . 17 1 Special . | . . . Kinetic 55 | . 41 14 Thermal . | . . . Explosive 18 | . 17 1 Electromagnetic . | . . . Robot Hit Streak 4 | . 4 4 Robot Miss Streak 7 | . 2 7 Penetration Max . | . . . Secondary Targets . | . . . Shots Hit Robots 25 | . 20 5 Core Hits 36 | . 33 3 Critical Kills . | . . . Critical Parts Destroyed . | . . . Critical Strikes . | . . . Melee Attacks . | . . . Impact . | . . . Slashing . | . . . Piercing . | . . . Sneak Attacks . | . . . Combat Hostiles . | . . . Follow-up Attacks . | . . . Damage Inflicted 1042 | . 923 119 Guns 114 | . 77 37 Cannons 243 | . 189 54 Explosions 685 | . 657 28 Melee . | . . . Ramming . | . . . Kinetic 357 | . 266 91 Thermal . | . . . Explosive 685 | . 657 28 Electromagnetic . | . . . Impact . | . . . Slashing . | . . . Piercing . | . . . Highest Corruption . | . . . Average Corruption . | . . . Corruption Purged . | . . . Corruption Blocked . | . . . Overload Shots . | . . . Overflow Damage 14 | . 14 . Projectiles . | . . . Explosions 14 | . 14 . Melee . | . . . Knockbacks 4 | . 2 2 Impact . | . . . Kinetic 4 | . 2 2 Secondary . | . . . Self-Inflicted Damage 104 | . 89 15 Shots 6 | . 5 1 Rammed . | . . . Targets Rammed . | . . . Kicked . | . . . Crushed . | . . . Highest Temperature 18 | . 18 4 Average Temperature 7 | . 7 3 Received Heat Transfer 12 | . 12 . Siege Activations . | . . . Martial Activations . | . . . Shielding Activations . | . . . Robots Disrupted . | . . . Combat Hostiles . | . . . Robots Corrupted . | . . . Combat Hostiles . | . . . Parts Fried . | . . . Impact Corruptions . | . . . Robots Melted . | . . . Combat Hostiles . | . . . Parts Melted . | . . . Heat Transferred . | . . . Parts Sabotaged . | . . . Parts Stolen . | . . . Parts Stripped . | . . . Power Chain Reactions . | . . . Alert | -11 -10 -10 ------- Run | Yrd Mat Min Maximum Alert Level 1 | . 1 . Low Security (%) 89 | 100 86 100 Level 1 10 | . 13 . Level 2 . | . . . Level 3 . | . . . Level 4 . | . . . Level 5 . | . . . High Security . | . . . Max Security . | . . . Peak Influence 229 | . 229 11 Initial 11 | . . 11 Average 85 | . 108 . Influence Increases 417 | . 409 8 Destroy 0b10 Robot/C 180 | . 180 . Destroy 0b10 Robot/NC 55 | . 55 . Destroy Leader 38 | . 38 . Successful Hack 14 | . 14 . Disable Machine 30 | . 30 . Destroy Structure 100 | . 92 8 Influence Decreases 417 | . 379 38 Entered New Map 19 | . . 19 Time Decay 390 | . 379 11 Lost Part 8 | . . 8 Squads Dispatched . | . . . Investigation . | . . . Extermination . | . . . Reinforcement . | . . . Assault . | . . . Garrison . | . . . Intercept . | . . . Searches Triggered . | . . . Construction Impeded . | . . . Haulers Reinforced . | . . . Active Scanning Responses . | . . . Cargo Convoy Interrupts . | . . . Stealth | -11 -10 -10 --------- Run | Yrd Mat Min Distress Signals 2 | . 2 . Communications Jammed . | . . . Distress Signals . | . . . Times Spotted 30 | . 13 17 Peak Tracking Total 19 | . 7 19 Tactical Retreats . | . . . Traps | -11 -10 -10 ------- Run | Yrd Mat Min Traps Triggered . | . . . Indirectly . | . . . Trap Hack Attempts . | . . . Triggered . | . . . Disarmed . | . . . Reprogrammed . | . . . Reused . | . . . Traps Extracted . | . . . Installed . | . . . Triggered . | . . . Machines | -11 -10 -10 ---------- Run | Yrd Mat Min Machines Disabled 2 | . 2 . Max in Single Turn 1 | . 1 . Machines Repaired . | . . . Machines Dismantled . | . . . Machines Sabotaged . | . . . Overloaded Fab Kills . | . . . Hacking | -11 -10 -10 --------- Run | Yrd Mat Min Machines Accessed 5 | . 5 . Terminals 4 | . 4 . Fabricators . | . . . Repair Stations . | . . . Recycling Units 1 | . 1 . Scanalyzers . | . . . Garrison Access . | . . . Total Hacks 9 | . 9 . Successful 9 | . 9 . Failed . | . . . Catastrophic . | . . . Database Lockouts . | . . . Manual . | . . . Terminals 7 | . 7 . Fabricators . | . . . Repair Stations . | . . . Recycling Units 2 | . 2 . Scanalyzers . | . . . Garrison Access . | . . . Terminal Hacks 7 | . 7 . Record 5 | . 5 . Prototype ID Bank 1 | . 1 . Dispatch Records 1 | . 1 . Fabricator Hacks . | . . . Repair Station Hacks . | . . . Recycling Unit Hacks 2 | . 2 . Report Inventory 1 | . 1 . Retrieve Components 1 | . 1 . Scanalyzer . | . . . Garrison Access Hacks . | . . . Unauthorized Hacks . | . . . Terminals . | . . . Fabricators . | . . . Repair Stations . | . . . Recycling Units . | . . . Scanalyzers . | . . . Garrison Access . | . . . Data Cores Recovered 2 | . 2 . Used . | . . . Hacking Detections 2 | . 2 . Full Trace Events . | . . . Feedback Events . | . . . Feedback Blocked . | . . . Robot Schematics Acquired . | . . . Robots Built . | . . . Authchips . | . . . Time . | . . . Total Robot Build Rating . | . . . Part Schematics Acquired . | . . . Parts Built . | . . . Authchips . | . . . Time . | . . . Total Part Build Rating . | . . . Parts Repaired . | . . . Time . | . . . Parts Recycled . | . . . Recycled Matter . | . . . Retrieved Matter . | . . . Retrieved Components 9 | . 9 . Parts Scanalyzed . | . . . Part Schematics Acquired . | . . . Parts Damaged . | . . . Bothacking | -11 -10 -10 ------------ Run | Yrd Mat Min Used RIF Installer . | . . . Robots Hacked . | . . . Non-combat . | . . . Combat . | . . . Robot Hacks Applied . | . . . Relay Couplers Released . | . . . Fabnet Peak Effective % . | . . . Robots Rewired . | . . . Allies Hacked . | . . . Hacks Repelled . | . . . Allies | -11 -10 -10 -------- Run | Yrd Mat Min Total Allies . | . . . Largest Group . | . . . Highest-Rated Group . | . . . Highest-Rated Ally . | . . . Total Orders . | . . . Ally Attacks . | . . . Total Damage . | . . . Kills . | . . . Allies Corrupted . | . . . Allies Melted . | . . . Intel | -11 -10 -10 ------- Run | Yrd Mat Min Active Infowar (turns) . | . . . Robot Analysis Total . | . . . Derelict Logs Recovered . | . . . Drone Launches . | . . . Drone Recoveries . | . . . Exploration | -11 -10 -10 ------------- Run | Yrd Mat Min Turns Passed 1508 | 47 1178 283 Spaces Moved 835 | 34 642 159 Core 17 | 17 . . Treads 818 | 17 642 159 Legs . | . . . Wheels . | . . . Hover . | . . . Flight . | . . . Fastest Speed 50 | 50 160 160 Average Speed 158 | 112 160 160 Slowest Speed 160 | 160 160 160 Overloaded Moves . | . . . Propulsion Burnouts . | . . . Robots Hopped . | . . . Potential Cave-ins . | . . . Cave-ins Triggered . | . . . Exploration Rate (%) 42 | 4 90 34 Regions Visited 2 Branch Regions 1 Pre-discovered Areas . | . . . Known Exits Taken 1 | . 1 . Unknown Exits Taken 1 | 1 . . Scrap Searched . | . . . Spaces Dug . | . . . Terrain Destroyed 93 | . 85 8 Melee . | . . . Projectile . | . . . AOE 93 | . 85 8 Terrain Rammed . | . . . Walls Destroyed . | . . . Machines Disabled . | . . . Actions | -11 -10 -10 --------- Run | Yrd Mat Min Total 948 | 43 732 173 Wait 46 | . 44 2 Move 833 | 33 641 159 Hop . | . . . Pick Up 13 | 5 8 . Fast Attach . | . . . Attach 10 | 4 3 3 Detach . | . . . Swap 5 | . 5 . Drop 1 | 1 . . Fire 40 | . 31 9 Melee . | . . . Ram . | . . . Kick . | . . . Crush . | . . . Escape Stasis . | . . . Rewire . | . . . Trap . | . . . Miscellaneous . | . . . Route ------- -11/Scrapyard -10/Materials (discovered 5 exits: *Mat x3 / *Min x2) -10/Mines (discovered 2 exits: *Mat / [*Sub]) History --------- Turn | Location | Event 6 | -11/Scrapyard | Discovered new exit (range 15) 48 | -11/Scrapyard | Entered Materials 256 | -10/Materials | Discovered new exit (range 16) 308 | -10/Materials | Build established: Mutant 363 | -10/Materials | Destroyed 8 combat bots 539 | -10/Materials | Discovered new exit (range 8) 623 | -10/Materials | Identified exit to Mines 776 | -10/Materials | Discovered new exit (range 14) 816 | -10/Materials | Identified exit to Materials 977 | -10/Materials | Discovered exit to Materials (range 14) 1075 | -10/Materials | Discovered exit to Mines (range 4) 1226 | -10/Materials | Entered Mines 1361 | -10/Mines | Found a damaged Exp. Sensor Array with a note attached 1416 | -10/Mines | Discovered exit to Materials (range 5) 1450 | -10/Mines | Assembled infested the area 1455 | -10/Mines | Assisted by a Guerilla fighting off Assembled 1464 | -10/Mines | Discovered new exit (range 13) 1497 | -10/Mines | Core integrity fell below 50% 1508 | -10/Mines | Core integrity fell below 20% 1509 | -10/Mines | Destroyed by D-53 Grenadier with Mini Grenade Launcher Last Messages --------------- U-05 Engineer lays Concrete. Lgt. Treads destroyed. U-05 Engineer lays Concrete. The unstable cave ceiling collapses. U-05 Engineer builds a Wall. The unstable cave ceiling collapses. as-54471 destroyed. D-53 Grenadier knocked back. The unstable cave ceiling collapses. U-05 Engineer lays Concrete. Lgt. Cannon destroyed. U-05 Engineer lays Concrete. The unstable cave ceiling collapses. U-05 Engineer lays Concrete. Assault Rifle destroyed. Lgt. Treads destroyed. The unstable cave ceiling collapses. U-05 Engineer lays Concrete. as-92608 destroyed. U-05 Engineer builds a Wall. Map ----- +----------------------------------------------------+ | ????????????????????????????????????????????????? | | ????????????????????????????????????????????????? | | ????????????????????????????????????????????????? | | ????????????????????????????????????????????????? | | ?????????????????????????????##?????????????????? | | ????????????????????????????? ?????????????????? | | ????????????????????????????? ?????????????????? | | ????????????????????????????? #????????????????? | | ????????????????????????????? ????????????????? | | ????????????????????????????# #??????????????#?? | | ????????????????????????????# #???????????# ## # | | ????????????????????????????# ????????????# | | ????????????????????????????# ????????????###### | | ????????????????????????????# #??????????????#### | | ????????????? a?????????????# #?????????###### ## | | ????????????? a???????????## #?????????# | | ?????????????# aa?????????## ########### | | ??????????????# aa?########r % #### | | ???????????????# a## ### ######### ## #??## | | ????????? a##### # ##???????# #??????## | | ???????? a a u dd##????????# ## ####?# | | ???????? #?????????# ## ### | | ???????????# ##????????# #???# | | ???????????## #????????# #???# ### | | ????????????# #????????# #???# #?? | | ????????????## ?# @ #????????# #???# #?? | | ????????????????#### #????????# #???# #?? | | ???????????????????# #????????# #??## ### | | ???????????????????## ##????????# #??# | | ????????????????????## ##?????????# #### """ | | ?????????????????????#< #??????????# """ | | ?????????????????????## #??????????###### """ | | ??????????????????????######???????????????# | | ???????????????????????????????????????????###### | | ????????????????????????????????????????????????? | | ????????????????????????????????????????????????? | | ????????????????????????????????????????????????? | | ????????????????????????????????????????????????? | | ????????????????????????????????????????????????? | | | | | | | | | | | | | | | | | | | | | | | +----------------------------------------------------+ Best States ------------- Heat Dissipation 25 Energy Generation 14 Energy Capacity 160 Matter Stores 233 Matter Capacity 300 Sight Range 16 Terrain Scan Density 10 Evasion (%) 40 Recoil Reduction 2 Offensive Hacking 10 Item Schematics ----------------- None Robot Schematics ------------------ None Fabricated ------------ Nothing Repaired ---------- Nothing Alien Tech Used ----------------- None Achievements -------------- None Challenges ------------ None Game ------ Seed MasterDrainedTerminator Manual? 0 Play Time 00:09:32 Cumulative 47.3 hours Start 2025.07.13 @ 09:47:13 End 2025.07.13 @ 21:49:18 Sessions 2 Manual Loads 0 Difficulty Rogue Special Mode None Game No. 222 Rogue 222 Adventurer 0 Explorer 0 Win Type - Total 0 Types 0/0/0/0/0/0/0/0/0/0 Lore% 32 Gallery% 26 Achievement% 23 Wizard Run 0 Options --------- Layout 2 ASCII 0 Keyboard 0 Movement Mouse Keybinds 0 Fullscreen 1 Font 24/Smallcaps Map View 50x44 Zoom Use 0% Tactical HUD 0 Map Filters NONE Filters NONE Steam 1 RUN: fb943e13-b6f3-4843-af74-7704d8e9e6d1